 Dungeon Crawl Stone Soup version 0.27.1-33-g824d729ab1 (webtiles) character file.

Game seed: 7155337297360045304

11645 potato4science the Cleaver (level 11, -14/104 HPs)
             Began as a Minotaur Berserker on Dec 14, 2021.
             Was an Elder of Trog.
             Demolished by a boulder beetle (42 damage)
             ... on level 12 of the Dungeon.
             The game lasted 02:23:55 (16443 turns).

potato4science the Cleaver (Minotaur Berserker)    Turns: 16443, Time: 02:23:56

Health: -14/104    AC: 18    Str: 22    XL:     11   Next: 52%
Magic:  13/13      EV: 12    Int:  6    God:    Trog [****..]
Gold:   290        SH:  0    Dex: 11    Spells: 10/10 levels left

rFire    . . .     SeeInvis .   o - +2 war axe (vamp)
rCold    . . .     Faith    +   (no shield)
rNeg     . . .     Spirit   .   c - +0 plate armour
rPois    .         Reflect  .   (helmet restricted)
rElec    .         Harm     .   (no cloak)
rCorr    +         Rampage  .   E - +0 pair of gloves
Will     .....                  i - +0 pair of boots {Fly}
Stlth    ..........             O - amulet of faith
HPRegen  0.27/turn              l - ring of resist corrosion
MPRegen  0.13/turn              J - +4 ring of evasion

@: flying
A: horns 2, retaliatory headbutt
a: Renounce Religion, Berserk, Trog's Hand, Brothers in Arms


You were on level 12 of the Dungeon.
You worshipped Trog.
Trog was greatly pleased with you.
You visited 2 branches of the dungeon, and saw 13 of its levels.

You collected 502 gold pieces.
You spent 212 gold pieces at shops.

Inventory:

Hand Weapons
 a - a +0 hand axe of venom
 d - a +0 hunting sling
 o - a +2 vampiric war axe (weapon)
 r - a +2 dagger of venom
 H - a +0 whip of freezing
Missiles
 m - 90 bolts
 n - 36 poisoned darts
 p - 23 arrows
 q - 38 sling bullets
 w - 13 boomerangs (quivered)
 I - 4 throwing nets
Armour
 c - a +0 plate armour (worn)
 i - a +0 pair of boots of flying (worn)
 E - a +0 pair of gloves (worn)
Jewellery
 j - a ring of see invisible
 l - a ring of resist corrosion (left hand)
 A - a ring of fire
 J - a +4 ring of evasion (right hand)
 O - an amulet of faith (around neck)
Wands
 b - a wand of acid (4)
 h - a wand of iceblast (6)
 u - a wand of polymorph (9)
 D - a wand of flame (9)
Scrolls
 e - a scroll of magic mapping
 f - a scroll of brand weapon
 k - 2 scrolls of summoning
 t - 3 scrolls of fear
 v - a scroll of immolation {unknown}
 y - a scroll of holy word {unknown}
 F - a scroll of blinking {unknown}
 K - a scroll of acquirement {unknown}
 N - a scroll of enchant weapon {unknown}
Potions
 g - 3 potions of flight
 s - 2 potions of haste
 x - a potion of attraction
 z - a potion of invisibility
 C - a potion of might
 G - a potion of berserk rage
 L - a potion of mutation


   Skills:
 + Level 11.8 Fighting
 * Level 12.9 Axes
 + Level 12.0 Armour
 - Level 3.0 Dodging
 - Level 1.0 Stealth
 - Level 5.0 Invocations


You had 10 spell levels left.
You didn't know any spells.
Your spell library was empty.

Dungeon Overview and Level Annotations

Branches:
Dungeon (12/15)            Temple (1/1) D:4            Lair (0/6) D:10
    Orc (0/2) D:9

Altars:
Ashenzari
Cheibriados
Dithmenos
Elyvilon
Fedhas
Gozag
Hepliaklqana
Kikubaaqudgha
Makhleb
Nemelex Xobeh
Okawaru
Qazlal
Ru
Sif Muna
Trog
Uskayaw
Vehumet
Wu Jian
Xom
Yredelemnul
Zin
The Shining One

Shops:
D:4 *   D:7 *   D:8 [   D:11 ?

Annotations:
D:4 2 transporters
D:6 1 runed translucent door, Powertoast's ghost, novice HOFi
D:7 1 runed translucent door, Crazy Yiuf


Innate Abilities, Weirdness & Mutations

You have a pair of horns on your head.
You reflexively headbutt those who attack you in melee.


Message History

B - a scroll of identify
As you read the scroll of identify, it crumbles to dust.
x - a potion of attraction You see here 25 stones.
A two-headed ogre is nearby!
The two-headed ogre shouts in stereo!
You see here 25 stones.
You see here a book of Sloth.
There is a stone staircase leading up here.
You fly upwards.
There is a stone staircase leading down here.
There is an open door here.
Things that are here:
a +0 leather armour; a +0 short sword
There is a stone staircase leading down here.
You fly downwards.
The boulder beetle curls into a ball and begins rolling!
There is a stone staircase leading up here.
The boulder beetle hits you!!
The boulder beetle stops rolling and uncurls.
You hit the boulder beetle.
The boulder beetle is lightly wounded.
You hit the boulder beetle.
You feel better.
The boulder beetle is lightly wounded.
The boulder beetle bites you!
You barely miss the boulder beetle.
You headbutt the boulder beetle, but do no damage.
The boulder beetle is lightly wounded.
The boulder beetle bites you but does no damage.
You hit the boulder beetle but do no damage.
You headbutt the boulder beetle, but do no damage.
The boulder beetle is lightly wounded.
The boulder beetle leaps!
The boulder beetle curls into a ball and begins rolling!
The boulder beetle hits you!!
* * * LOW HITPOINT WARNING * * *
The boulder beetle stops rolling and uncurls.
The boulder beetle curls into a ball and begins rolling!
The boulder beetle hits you!!!
You die...

######+##
#....^.?#
#.......#
#..@....#
#.B.....#
#○..[...#
#...(...#
#.......#
#.......#
#.!.......
#.......##
###.#####


You could see a boulder beetle (rolling).

Vanquished Creatures
  Harold (D:7)
  A boulder beetle (D:11)
  A centaur warrior (D:9)
  Pikel (D:6)
  A phantasmal warrior (D:7)
  A centaur zombie (D:10)
  An unseen horror (D:11)
  A komodo dragon (D:11)
  3 trolls (D:11)
  A hornet (D:8)
  A vampire (D:11)
  2 wraiths
  11 yaks
  2 shadows
  3 wyverns
  Grum (D:11)
  A basilisk (D:10)
  An acid dragon (D:6)
  3 water moccasins (D:10)
  A black bear (D:5)
  4 orc warriors
  A necrophage (D:4)
  2 ogres (D:4)
  A centaur (D:5)
  2 wolves (D:11)
  A phantom (D:4)
  3 lemures
  A kobold brigand (D:8)
  3 bullfrogs
  A scorpion (D:5)
  3 killer bees (D:11)
  10 wights
  A water moccasin skeleton (D:4)
  4 howler monkeys
  3 jellies
  2 bullfrog skeletons
  A hound (D:4)
  6 orc priests
  2 centaur skeletons
  2 iguanas
  8 orc wizards
  A mummy (D:8)
  Robin (D:3)
  7 adders
  2 white imps
  An ufetubus (D:7)
  2 adder skeletons
  3 dart slugs (D:2)
  44 orcs
  6 endoplasms
  2 giant cockroaches (D:3)
  13 hobgoblins
  6 jackals
  2 quokkas (D:4)
  6 ball pythons
  3 bats
  3 frilled lizards
  17 goblins
  A hobgoblin zombie (D:8)
  7 kobolds
  3 kobold zombies (D:8)
  4 rats
233 creatures vanquished.

Vanquished Creatures (collateral kills)
  A two-headed ogre (D:10)
  4 yaks (D:10)
5 creatures vanquished.

Vanquished Creatures (others)
  2 bushes (D:10)
  A fungus (D:10)
  22 plants (D:10)
25 creatures vanquished.

Grand Total: 263 creatures vanquished

Notes
Turn   | Place    | Note
-------+----------+-------------------------------------------
     0 | D:1      | potato4science the Minotaur Berserker began the quest for
                  | the Orb.
     0 | D:1      | Reached XP level 1. HP: 19/19 MP: 0/0
    74 | D:1      | Found a faded altar of an unknown god.
   811 | D:1      | Reached XP level 2. HP: 27/27 MP: 1/1
  1904 | D:2      | Reached XP level 3. HP: 33/33 MP: 2/2
  2221 | D:2      | Reached skill level 1 in Stealth
  2456 | D:2      | Reached XP level 4. HP: 37/40 MP: 3/3
  2999 | D:3      | Noticed Robin
  3016 | D:3      | Reached ** piety under Trog
  3735 | D:3      | Killed Robin
  4098 | D:4      | Noticed a necrophage
  4102 | D:4      | Found a transporter.
  4107 | D:4      | Reached XP level 5. HP: 47/47 MP: 4/4
  4120 | D:4      | Killed a necrophage
  4121 | D:4      | Reached skill level 5 in Axes
  4174 | D:4      | Reached skill level 5 in Armour
  4309 | D:4      | Reached skill level 5 in Fighting
  4309 | D:4      | Reached XP level 6. HP: 53/56 MP: 5/5
  4433 | D:4      | Found a staircase to the Ecumenical Temple.
  4444 | Temple   | Entered the Ecumenical Temple
  4534 | D:4      | Found Meaz's CLEARANCE SALE! EVERYTHING MUST GO!.
  4552 | D:4      | Bought a wand of iceblast (6) for 40 gold pieces
  4700 | D:4      | Noticed a kobold demonologist
  4712 | D:4      | Found a transporter.
  5131 | D:4      | Found a sacrificial altar of Ru.
  5453 | D:5      | Entered Level 5 of the Dungeon
  5559 | D:4      | Reached XP level 7. HP: 62/62 MP: 6/6
  6343 | D:5      | Reached *** piety under Trog
  6392 | D:5      | Found a broken altar of Ashenzari.
  6456 | D:5      | Found a shadowy altar of Dithmenos.
  6529 | D:5      | Found a bloodstained altar of Trog.
  6553 | D:5      | Found a burning altar of Makhleb.
  6941 | D:6      | Reached XP level 8. HP: 59/73 MP: 7/7
  7294 | D:6      | Found a runed translucent door.
  7299 | D:6      | Noticed Powertoast's ghost (novice HOFi)
  7925 | D:7      | Noticed Harold
  8045 | D:7      | Noticed Pikel
  8526 | D:6      | Reached XP level 9. HP: 73/82 MP: 8/8
  9026 | D:7      | Reached **** piety under Trog
  9150 | D:7      | Found a runed translucent door.
  9151 | D:7      | Noticed Crazy Yiuf
  9280 | D:6      | Killed Pikel
  9351 | D:7      | Killed Harold
  9352 | D:7      | Reached skill level 10 in Fighting
  9352 | D:7      | Reached skill level 10 in Axes
  9352 | D:7      | Reached skill level 10 in Armour
  9697 | D:7      | Found Witsues's Overcharged Wands.
 10147 | D:8      | Noticed a death knight
 10147 | D:8      | Noticed a skeletal warrior
 10147 | D:8      | Noticed a skeletal warrior
 10147 | D:8      | Noticed a phantasmal warrior
 10163 | D:7      | Killed a phantasmal warrior
 10164 | D:7      | Reached XP level 10. HP: 82/93 MP: 11/11
 10401 | D:8      | Paralysed by a hornet for 3 turns
 10899 | D:8      | Found Qupnoox's Armour Emporium.
 10908 | D:8      | Bought a +0 pair of boots of flying for 172 gold pieces
 11469 | D:9      | Found a radiant altar of Vehumet.
 11884 | D:9      | Noticed a centaur warrior
 11908 | D:9      | Killed a centaur warrior
 11909 | D:9      | Reached skill level 5 in Invocations
 12052 | D:9      | Found a staircase to the Orcish Mines.
 12289 | D:10     | Entered Level 10 of the Dungeon
 12693 | D:10     | Found a basalt altar of Yredelemnul.
 13607 | D:10     | Found a stormy altar of Qazlal.
 14286 | D:10     | Found a staircase to the Lair.
 14347 | D:10     | Reached XP level 11. HP: 83/102 MP: 13/13
 14434 | D:10     | Noticed a two-headed ogre
 14600 | D:10     | Killed a two-headed ogre
 15160 | D:11     | Found Qaluavyt's Magic Scroll Shop.
 15207 | D:11     | Noticed Grum
 15226 | D:11     | Killed Grum
 15369 | D:11     | Noticed a boulder beetle
 15387 | D:11     | Killed a boulder beetle
 16097 | D:12     | Noticed a boulder beetle
 16307 | D:12     | Noticed a two-headed ogre
 16443 | D:12     | Demolished by a boulder beetle

Illustrated notes

Levels and vault maps discovered:
D:1:      lemuel_arrival_rhombus, layout_loops_corners,
          hellmonk_ecumenical_altar_zigzags
D:2:      layout_basic, kennysheep_generic_room_13
D:3:      layout_loops_corners, kennysheep_generic_room_14, uniq_robin
D:4:      gammafunk_wand_slinger, layout_basic, nicolae_ru_path_of_blood,
          minmay_temple_entry_junction_2, chequers_serial_rivers_large_b,
          hex_large, nicolae_shop_clearance
D:5:      layout_rooms, grunt_dithmenos_smoke_and_mirrors,
          nicolae_ashenzari_skybound, mainiacjoe_overflow_swirl
D:6:      layout_basic, ebering_ghost_reflecting_pool
D:7:      layout_loops_cross, minmay_stone_trees_medium,
          minmay_misc_feat_diagonals, hangedman_abyss_or_decor_slice,
          nicolae_shop_overcharged_wands, uniq_pikel, uniq_crazy_yiuf_cottage,
          uniq_harold
D:8:      layout_rooms, ebering_ghost_xom, serial_shops, shop,
          minmay_mini_ossuary, uniq_prince_ribbit1
D:9:      layout_small_grid, mainiacjoe_overflow_24_doors,
          minmay_misc_feat_ornament
D:10:     layout_cave_pods, nicolae_qazlal_eye_of_the_storm,
          mainiacjoe_overflow_concentric_impassable, minmay_lair_entry_grove
D:11:     layout_basic, serial_shops, shop, uniq_grum
D:12:     layout_basic, ebering_ghost_reflecting_pool
Temple:   nicolae_temple_great_sept

Skill      XL: |  1  2  3  4  5  6  7  8  9 10 11 |
---------------+----------------------------------+-----
Fighting       | 4 5 7 8 10 11 | 11.8
Axes           | 4 5 7 8 10 11 12 | 12.9
Armour         | 3 4 5 7 8 10 11 12 | 12.0
Dodging        | 3 |  3.0
Stealth        | 1 |  1.0
Invocations    | 3 5 |  5.0

Action                   |  1- 3 |  4- 6 |  7- 9 | 10-12 || total
-------------------------+-------+-------+-------+-------++-------
Melee: Hand axe          |    96 |   158 |   230 |   233 ||   717
       Headbutt          |    20 |    21 |    47 |    75 ||   163
       War axe           |       |       |       |   133 ||   133
Throw: Stone             |       |     1 |       |       ||     1
       Boomerang         |       |       |    26 |    31 ||    57
Invok: Berserk           |       |     2 |     6 |     5 ||    13
       Trog's Hand       |       |       |     1 |     2 ||     3
       Brothers in Arms  |       |       |       |     1 ||     1
Evoke: Wand              |       |       |       |     1 ||     1
  Use: Scroll            |       |     6 |     4 |    10 ||    20
       Potion            |       |       |       |     2 ||     2
 Stab: Distracted        |       |       |       |     1 ||     1
Armor: Plate armour      |    60 |    73 |   123 |   180 ||   436
Dodge: Dodged            |    30 |    59 |    91 |   195 ||   375
